 Dungeon Crawl Stone Soup version 0.31.0-11-ge490571c62 (webtiles) character file.

Game seed: 3068029403483193578

23 Arcadio the Chiller (level 3, 0/24 HPs)
             Began as a Merfolk Ice Elementalist on Jan 31, 2024.
             Slain by a goblin
             ... wielding a +0 dagger
             ... led by Robin
              (3 damage)
             ... on level 2 of the Dungeon.
             The game lasted 00:01:03 (566 turns).

Arcadio the Chiller (Merfolk Ice Elementalist)       Turns: 566, Time: 00:01:03

Health: 0/24       AC:  2    Str:  8    XL:     3   Next: 0%
Magic:  2/6        EV: 13    Int: 16    God:
Gold:   42         SH:  0    Dex: 14    Spells: 5/6 levels left

rFire   . . .        d - +0 short sword
rCold   . . .        (no shield)
rNeg    . . .        a - +0 robe
rPois   .            (no helmet)
rElec   .            (no cloak)
rCorr   .            (no gloves)
SInv    .            (no boots)
Will    .....        (no amulet)
Stlth   ++           (no ring)
HPRegen 0.24/turn    (no ring)
MPRegen 0.10/turn

%: no passive effects
@: no status effects
A: (nimble swimmer 2), mertail
a: no special abilities


You were on level 2 of the Dungeon.
You visited 1 branch of the dungeon, and saw 2 of its levels.

You collected 42 gold pieces.

Inventory:

Hand Weapons
 d - a +0 short sword (weapon)
Armour
 a - a +0 robe (worn)
Scrolls
 e - a scroll of poison {unknown}
 g - a scroll of immolation {unknown}
Potions
 b - 2 potions of magic
 c - a potion of heal wounds {unknown}
 f - a potion of might {unknown}


   Skills:
 + Level 3.4 Dodging
 - Level 2.1 Stealth
 + Level 2.4 Spellcasting
 + Level 4.7 Ice Magic


You had 5 spell levels left.
You knew the following spells:

 Your Spells              Type           Power      Damage    Failure   Level
a - Freeze                Ice            68%        1d8       3%          1

Your spell library contained the following spells:

 Spells                   Type           Power      Damage    Failure   Level
 Frozen Ramparts          Ice            34%        1d6       9%          3
 Ozocubu's Armour         Ice            17%        N/A       9%          3
 Summon Ice Beast         Ice/Summ       9%         N/A       22%         3


Dungeon Overview and Level Annotations

Branches:
Dungeon (2/15)

Altars:

Annotations:
D:2 Robin


Innate Abilities, Weirdness & Mutations

((You are very nimble when in or above water. (Stealth+, EV+, Speed+++)))
Your lower body shifts to a powerful aquatic tail in water.


Message History

The ball python constricts you.
Casting: Freeze (safe; 3% risk of failure)
Confirm with . or Enter, or press ? or * to list all spells.
Aiming: Freeze (safe; 3% risk of failure)
Press: ? - help, Shift-Dir - straight line, f - ball python
Aim: a ball python (constricting you)
You freeze the ball python.
You kill the ball python!
The goblin shoots a sling bullet.
The sling bullet hits you.
You hear a shout! x2
Casting: Freeze (safe; 3% risk of failure)
Confirm with . or Enter, or press ? or * to list all spells.
You can't see any susceptible monsters within range! (Use Z to cast anyway.)
You hear a shout!
Robin throws the goblin at you!
The goblin shoots a sling bullet.
The sling bullet hits you but does no damage.
The goblin closely misses you.
You hit the goblin but do no damage. The goblin hits you with a +0 dagger.
Casting: Freeze (safe; 3% risk of failure)
Confirm with . or Enter, or press ? or * to list all spells.
Aiming: Freeze (safe; 3% risk of failure)
Press: ? - help, Shift-Dir - straight line, f - goblin
Aim: a goblin, wielding a +0 dagger You freeze the goblin.
You kill the goblin!
The goblin shoots a sling bullet.
The sling bullet misses you.
You have reached level 3!
Your experience leads to an increase in your attributes!
Increase (S)trength, (I)ntelligence, or (D)exterity?
You feel clever. x2
Unknown command.
Robin throws the goblin at you!
The goblin unwields a +0 sling.
The goblin wields a +0 dagger.
The goblin hits you with a +0 dagger.
* * * LOW HITPOINT WARNING * * *
You see here a +0 dagger.
You hit the goblin.
The goblin is heavily wounded.
Robin says, "Kneel, worm!"
The goblin hits you with a +0 dagger.
You die...

.....g.
#g#...####.#
#g#......... ##
#.S..####.# ..
##........# #.
#)g........ #.
#.†........
#g#####........$.
#.@..g'..........
#######....(.....
#..........
...........
..........
.........
....##.... ..#
...


You could see Robin and a goblin.

Vanquished Creatures
  3 ball pythons
  2 endoplasms (D:1)
  A giant cockroach (D:2)
  6 goblins
  A hobgoblin (D:1)
  A quokka (D:1)
  2 bats (D:1)
  4 kobolds (D:1)
  A rat (D:1)
21 creatures vanquished.

Notes
Turn   | Place    | Note
-------+----------+-------------------------------------------
     0 | D:1      | Arcadio the Merfolk Ice Elementalist began the quest for
                  | the Orb.
     0 | D:1      | Reached XP level 1. HP: 13/13 MP: 3/3
   224 | D:1      | Found a faded altar of an unknown god.
   229 | D:1      | Reached XP level 2. HP: 19/19 MP: 0/5
   533 | D:1      | You fall into a shaft and drop 1 floor!
   547 | D:2      | Noticed Robin
   565 | D:2      | Reached XP level 3. HP: 7/24 MP: 2/6
   566 | D:2      | Slain by a goblin

Illustrated notes

Levels and vault maps discovered:
D:1:      evilmike_arrival_fibonacci_small, layout_basic,
          shapermc_ecumenical_altar_notcrosses
D:2:      minmay_angry_zag, layout_basic, nrook_mini_backslash, uniq_robin,
          uniq_sigmund

Skill      XL: |  1 |
---------------+----+-----
Dodging        | 3 |  3.4
Stealth        | |  2.1
Spellcasting   | |  2.4
Ice Magic      | |  4.7

Action                     || total
---------------------------++-------
  Melee: Unarmed           ||     2
         Short sword       ||    21
         Punch             ||     1
   Cast: Freeze            ||    16
 Armour: Robe              ||    21
  Dodge: Dodged            ||    27
